Map: Astillero orbital

Players

xXkazperXx - Winner!

  • Race: Zerg Zerg
  • League: Bronze

RANURA DE IA (Muy fácil)

  • Race: Zerg Zerg

VOD

Have the link to the VOD?

Description

Time

  • Played on: April 2, 2016, 8:39 a.m.
  • Length: 4:20
Show
View Real Time Build Order
Export as new Build Order

xXkazperXx Zerg - Winner!

Build Orders: Pool Only 

Get SALT Encoding   

  12  0:02  Drone  
  13  0:16  Overlord  
  13  0:19  Drone  
  14  0:35  Spawning Pool  
  13  0:52  Extractor  
  13  0:54  Drone x3  
  15  1:05  Overlord  
  15  1:21  Queen  
  15  1:23  Zergling x2  
  18  1:34  Zergling x2  
  19  1:42  Zergling x2  
  20  1:50  Zergling x2  
  21  2:03  Zergling x2  
  22  2:10  Zergling x2  
  23  2:21  Zergling x2  
  24  2:26  Metabolic Boost  
  24  2:30  Zergling x2  
  24  2:32  Zergling x4  
  27  2:51  Zergling x4  
  29  2:58  Overlord  
  29  3:12  Drone  
  30  3:16  Drone  
  30  3:17  Drone  
Show
View Real Time Build Order
Export as new Build Order

RANURA DE IA (Muy fácil) Zerg 

Build Orders: Pool Only 

Get SALT Encoding   

  12  0:01  Drone  
  13  0:12  Overlord  
  13  0:17  Drone  
  14  0:35  Spawning Pool  
  14  0:37  Extractor  
  14  0:40  Drone  
  13  0:47  Drone  
  14  0:52  Overlord  
  14  1:22  Zergling x2  
  14  1:23  Queen  
  17  1:32  Roach Warren  
  16  1:35  Drone  
  17  1:41  Extractor  
  17  1:42  Zergling x2  
  17  1:43  Drone  
  18  1:56  Drone  
  19  2:02  Zergling x2  
  19  2:07  Drone  
  21  2:17  Drone  
  22  2:29  Drone, Overlord  
  23  2:36  Drone  
  24  2:43  Drone  
  25  3:43  Zergling x2  
  23  3:58  Drone  
  17  4:05  Drone  
Tags
 
Add a new tag
Caveats
  • Supply blocks, unpowered buildings, or Contaminate may cause inaccurate times.
  • Supply counts are checked every 10 seconds.